 Dungeon Crawl Stone Soup version 0.24-a0-537-g2d01d4ab0a (webtiles) character file.

Game seed: 10634693097890351442

56 Norm the Skirmisher (level 3, 0/39 HPs)
             Began as an Ogre Abyssal Knight on Aug 12, 2019.
             Was a Follower of Lugonu.
             Succumbed to an adder's poison
             ... on level 2 of the Dungeon.
             The game lasted 00:03:22 (1460 turns).

Norm the Skirmisher (Ogre Abyssal Knight)           Turns: 1460, Time: 00:03:23

Health: 0/39       AC:  3    Str: 14    XL:     3   Next: 95%
Magic:  5/5        EV: 10    Int: 14    God:    Lugonu [*.....]
Gold:   48         SH:  0    Dex:  8    Spells: 2/2 levels left

rFire    . . .     SeeInvis .   a - +1 spear
rCold    . . .     Gourm    .   (no shield)
rNeg     . . .     Faith    .   b - +0 robe
rPois    .         Spirit   .   (helmet restricted)
rElec    .         Reflect  .   (no cloak)
rCorr    .         Harm     .   (gloves unavailable)
MR       .....                  (boots unavailable)
Stlth    +.........             (no amulet)
HPRegen  0.13/turn              (no ring)
MPRegen  0.09/turn              (no ring)

@: lethally poisoned (0 -> -4), berserk cooldown, very slightly contaminated,
slowed, invisible, very slow
A: large, unfitting armour, fangs 1, hooves 1, screaming 1, tough skin 1, weak 1
a: Depart the Abyss, Renounce Religion


You were on level 2 of the Dungeon.
You worshipped Lugonu.
Lugonu was aware of your devotion.
You were hungry.

You visited 1 branch of the dungeon, and saw 2 of its levels.
You visited the Abyss 1 time.

You collected 48 gold pieces.

Inventory:

Hand Weapons
 a - a +1 spear (weapon)
Missiles
 h - 28 stones (quivered)
Armour
 b - a +0 robe (worn)
Scrolls
 f - a scroll of remove curse {unknown}
 g - a scroll of teleportation {unknown}
Comestibles
 c - 2 rations


   Skills:
 - Level 4.0 Fighting
 * Level 3.5 Polearms
 - Level 2.1 Dodging
 + Level 2.9 Invocations


You had 2 spell levels left.
You didn't know any spells.
Your spell library was empty.

Dungeon Overview and Level Annotations

Branches:
Dungeon (2/15)

Altars:
Jiyva


Innate Abilities, Weirdness & Mutations

You are too large for most types of armour.
You have tough skin. (AC +1)
You have very sharp teeth.
You have large cloven feet.
You occasionally shout uncontrollably at your foes.
You are weak. (Str -2)


Message History

* * * LOW HITPOINT WARNING * * *
You feel sick.
There is a stone staircase leading up, spattered with blood here.
You feel your anger nearly subside.
* * * LOW HITPOINT WARNING * * *
You feel sick.
You are no longer berserk.
You are exhausted.
You feel yourself slow down.
There is a stone staircase leading up, spattered with blood here.
Really quaff the potion of mutation?
You feel extremely strange.
You feel slightly disoriented. Nature stops experimenting on you.
You feel less resistant to poisons.
Your feet thicken and deform.
You feel weaker.
You feel the urge to shout.
Your teeth lengthen and sharpen.
* * * LOW HITPOINT WARNING * * *
You feel sick.
Unknown command.
There is a lethal amount of poison in your body!
You die...

* .......... .> ,
......... *,##...
,.......# , #....
.....<.#.
#..#.####........
, ,
.................
,
.................
,
........†......#
** >
........<@.....#
.................
,
.......########.#
, ....... , #,
....... ,* * , ,
.......*, , *
*....... , , ,
*....... * ,
######. *


There were no monsters in sight!

Vanquished Creatures
  A gnoll (D:1)
  An adder (D:2)
  A dart slug (D:1)
  3 leopard geckos
  5 bats (D:1)
  3 goblins (D:1)
  4 hobgoblins (D:1)
  6 kobolds (D:1)
  A ball python (D:2)
  3 frilled lizards (D:1)
  5 rats (D:1)
33 creatures vanquished.

Notes
Turn   | Place    | Note
-------+----------+-------------------------------------------
     0 | Abyss:1  | Norm the Ogre Abyssal Knight began the quest for the Orb.
     0 | Abyss:1  | Reached XP level 1. HP: 24/24 MP: 2/2
    57 | Abyss:1  | Noticed a smoke demon
    58 | D:1      | Escaped the Abyss
   114 | D:1      | Reached * piety under Lugonu
   137 | D:1      | Found a viscous altar of Jiyva.
   137 | D:1      | Noticed a jelly
   137 | D:1      | Noticed a jelly
   137 | D:1      | Noticed a jelly
   140 | D:1      | Noticed a jelly
   142 | D:1      | Reached XP level 2. HP: 29/32 MP: 3/3
   523 | D:1      | Reached XP level 3. HP: 19/39 MP: 4/4
  1452 | D:2      | Gained mutation: You passively map a small area around you.
                  | [potion of mutation]
  1452 | D:2      | Gained mutation: Your system is resistant to poisons.
                  | (rPois) [potion of mutation]
  1452 | D:2      | Gained mutation: You evolve. [potion of mutation]
  1459 | D:2      | Lost mutation: You passively map a small area around you.
                  | [potion of mutation]
  1459 | D:2      | Lost mutation: You evolve. [potion of mutation]
  1459 | D:2      | Lost mutation: Your system is resistant to poisons. (rPois)
                  | [potion of mutation]
  1459 | D:2      | Gained mutation: You have large cloven feet. [potion of
                  | mutation]
  1459 | D:2      | Gained mutation: You are weak. (Str -2) [potion of
                  | mutation]
  1459 | D:2      | Gained mutation: You occasionally shout uncontrollably at
                  | your foes. [potion of mutation]
  1459 | D:2      | Gained mutation: You have very sharp teeth. [potion of
                  | mutation]
  1459 | D:2      | HP: 1/39 [poisoned by an adder]
  1460 | D:2      | Succumbed to an adder's poison

Levels and vault maps discovered:
D:1:      erik_arrival_cave_to_civilisation [erik_arrival_cave_to_temple],
          layout_basic, minmay_close_crescents
D:2:      layout_rooms, grunt_decor_cap, minivault_5,
          minmay_misc_feat_secret_circle, moated_statue, uniq_terence

Skill      XL: |  1  2 |
---------------+-------+-----
Polearms       | 3 |  3.5
Fighting       | |  4.0
Dodging        | |  2.1
Invocations    | |  2.9

Action                   || total
-------------------------++-------
Melee: Spear             ||   115
Invok: Depart the Abyss  ||     1
  Use: Potion            ||     4
 Stab: Sleeping          ||     1
  Eat: Chunk             ||     1
Armor: Robe              ||    20
Dodge: Dodged            ||    44

Table legend:
 A = Non-vault XP
 B = Vault XP
 C = Vault XP percentage of total XP
 D = Non-vault monster count
 E = Vault monster count
 F = Vault count percentage of total count
                 A         B        C        D         E       F
            +---------+---------+-------+---------+---------+-------
      Total |      56 |      24 |  30.0 |      26 |       7 |  21.2
            +---------+---------+-------+---------+---------+-------
        D:1 |      39 |      24 |  38.1 |      23 |       7 |  23.3
        D:2 |      17 |       0 |   0.0 |       3 |       0 |   0.0
            +---------+---------+-------+---------+---------+-------
